 Dungeon Crawl Stone Soup version 0.30.0-10-gfe55d96785 (webtiles) character file.

Game seed: 7705065320003337073

14 H0rd4k the Charlatan (level 2, -1/21 HPs)
             Began as a Human Artificer on May 15, 2023.
             Slain by a rat (2 damage)
             ... on level 1 of the Dungeon.
             The game lasted 00:00:19 (300 turns).

H0rd4k the Charlatan (Human Artificer)               Turns: 300, Time: 00:00:19

Health: -1/21      AC:  3    Str: 12    XL:     2   Next: 60%
Magic:  2/2        EV: 11    Int: 11    God:
Gold:   31         SH:  0    Dex: 13    Spells: 1/1 levels left

rFire   . . .        a - +0 club
rCold   . . .        (no shield)
rNeg    . . .        b - +0 leather armour
rPois   .            (no helmet)
rElec   .            (no cloak)
rCorr   .            (no gloves)
SInv    .            (no boots)
Will    .....        (no amulet)
Stlth   +            (no ring)
HPRegen 0.23/turn    (no ring)
MPRegen 0.08/turn

%: no passive effects
@: no status effects
A: no striking features
a: no special abilities


You were on level 1 of the Dungeon.
You visited 1 branch of the dungeon, and saw 1 of its levels.

You collected 31 gold pieces.

Inventory:

Hand Weapons
 a - a +0 club (weapon)
Armour
 b - a +0 leather armour (worn)
Wands
 c - a wand of flame (15) (quivered)
 d - a wand of charming (15)
 e - a wand of iceblast (5)
Scrolls
 g - a scroll of identify {unknown}
Potions
 f - a potion of degeneration {unknown}


   Skills:
 + Level 1.1 Fighting
 + Level 0.5 Maces & Flails
 - Level 2.0 Armour
 + Level 1.0 Dodging
 + Level 1.0 Stealth
 + Level 3.6 Evocations


You had one spell level left.
You didn't know any spells.
Your spell library was empty.

Dungeon Overview and Level Annotations

Branches:
Dungeon (1/15)

Altars:


Message History

The dart slug launches a dart at you. The slug dart hits you.
You see here a rat corpse.
You hit the endoplasm.
The endoplasm is severely wounded.
The endoplasm hits you but does no damage.
You hit the endoplasm.
You kill the endoplasm!
The dart slug launches a dart at you. The slug dart hits you.
You see here a rat corpse.
A rat comes into view.
The dart slug launches a dart at you. The slug dart hits you.
A goblin comes into view. It is wielding a +0 dagger.
The goblin shouts!
The dart slug launches a dart at you. The slug dart hits you.
You hit the dart slug.
The dart slug is lightly wounded.
A frilled lizard comes into view.
The dart slug misses you.
You hit the dart slug but do no damage.
The dart slug is lightly wounded.
The rat bites you but does no damage. The dart slug completely misses you.
You hit the dart slug.
The dart slug is moderately wounded.
The goblin hits you with a +0 dagger. The rat bites you but does no damage.
An endoplasm comes into view.
The dart slug bites you. The rat misses you.
The goblin hits you but does no damage.
The endoplasm quivers.
You hit the dart slug.
The dart slug is heavily wounded.
The goblin hits you but does no damage. The rat bites you.
The dart slug launches a dart at you. The slug dart hits you.
* * * LOW HITPOINT WARNING * * *
The rat bites you.
You die...

#)#......# ###
#.#......#. ...
###.#......#.###..
....#......#.#.?.##
....#.######...#J..
....#...###...##.#######
....###...+...+.l..?....
....##...#....wgr.....##
....+......#.#.#@.......
....##.###.......###..##
######.#...#†#.#.# .
..#.........#
..##...#.#.#.... ...
#.........### ...
.............
.....########## ..##.


You could see a dart slug, an endoplasm, a goblin, a frilled lizard and a rat.

Vanquished Creatures
  A dart slug (D:1)
  2 ball pythons (D:1)
  2 endoplasms (D:1)
  3 hobgoblins (D:1)
  A kobold (D:1)
  A frilled lizard (D:1)
  A rat (D:1)
11 creatures vanquished.

Notes
Turn   | Place    | Note
-------+----------+-------------------------------------------
     0 | D:1      | H0rd4k the Human Artificer began the quest for the Orb.
     0 | D:1      | Reached XP level 1. HP: 15/15 MP: 1/1
   105 | D:1      | Reached XP level 2. HP: 21/21 MP: 2/2
   299 | D:1      | HP: 1/21 [dart slug/slug dart (6)]
   300 | D:1      | Slain by a rat

Illustrated notes

Levels and vault maps discovered:
D:1:      dpeg_arrival_tiny_b, layout_basic, serial_glass, glass_columns_a,
          glass_columns_b, glass_columns_b, glass_columns_a, glass_columns_b,
          glass_columns_a

Action                     || total
---------------------------++-------
  Melee: Club              ||    38
         Punch             ||     1
 Armour: Leather armour    ||    13
  Dodge: Dodged            ||    24
